 Dungeon Crawl Stone Soup version 0.17-a0-1164-g0ba867e (webtiles) character file.

505872 namelastname112 the Sorcerer (level 24, -10/207 HPs)
             Began as a Purple Draconian Earth Elementalist on May 27, 2015.
             Was the Champion of Vehumet.
             Hit by a large rock thrown by a stone giant (26 damage)
             ... on level 5 of the Depths on May 28, 2015.
             The game lasted 04:57:17 (74159 turns).

namelastname112 the Sorcerer (DrEE)                Turns: 74159, Time: 04:57:21

Health: -10/207    AC: 22    Str: 12    XL:     24   Next: 16%
Magic:  0/48       EV: 26    Int: 24    God:    Vehumet [******]
Gold:   5919       SH: 11    Dex: 24    Spells: 12 memorised, 24 levels left

rFire  . . .     SeeInvis +     b - +9 Staff of Wucad Mu {channel}
rCold  + + +     Clarity  .     (armour unavailable)
rNeg   . . .     SustAt   +     P - +3 buckler of Dishonour {rCorr Dex+4 Slay+3}
rPois  +         Gourm    .     y - +1 hat of the Soldier {Dex+2}
rElec  +         Spirit   .     G - +2 cloak {+Inv}
rCorr  +         Warding  .     U - +2 pair of fencer's gloves {LBl+4 SBl+4 EV+3 Dex+6}
rMut   .         Stasis   .     I - +2 pair of boots
MR     +++..                    k - amulet of regeneration
Stlth  +.........               t - ring "Kaweucuti" {rPois rC++ Dex-4 SInv Stlth-}
                                L - ring of Nemelex Xobeh's Scorn {SustAt rElec rPois}

@: lethally poisoned (-10 -> -10), flayed, flying, very slightly contaminated,
extremely resistant to hostile enchantments, very unstealthy
A: breathe power, unfitting armour, big wings, agile 1, cold resistance 1,
mutation resistance 1, sense surroundings 1, robust 1, electricity resistance,
wild magic 1, cold-blooded, MP-powered wands, AC +12
a: Breathe Dispelling Energy, Stop Flying, Renounce Religion, Evoke Invisibility
}: 2/15 runes: decaying, gossamer


You were on level 5 of the Depths.
You worshipped Vehumet.
Vehumet was exalted by your worship.
You were not hungry.

You visited 9 branches of the dungeon, and saw 48 of its levels.
You also visited: Labyrinth, Ice Cave and Wizlab.

You collected 7387 gold pieces.
You spent 1468 gold pieces at shops.

Inventory:

Hand weapons
 b - the +9 Staff of Wucad Mu (weapon) {channel}
   (You found it in a wizard's laboratory)
 Z - the +4 dagger "Morg" {pain, MR+ Int+5}
   (You found it on level 3 of the Depths)

   In the hands of one skilled in necromantic magic, it inflicts extra damage on
   living creatures.
   It affects your intelligence (+5).
   It affects your resistance to hostile enchantments.
Missiles
 R - 1520 stones (quivered)
Armour
 y - the +1 hat of the Soldier (worn) {Dex+2}
   (You found it on level 3 of the Depths)

   It affects your dexterity (+2).
 G - a +2 cloak of invisibility (worn)
 I - a +2 pair of boots (worn)
 P - the +3 buckler of Dishonour (worn) {rCorr Dex+4 Slay+3}
   (You bought it in a shop on level 1 of the Elven Halls)

   It affects your dexterity (+4).
   It affects your accuracy and damage with ranged weapons and melee attacks
   (+3).
   It protects you from acid and corrosion.
 U - the +2 pair of fencer's gloves (worn) {LBl+4 SBl+4 EV+3 Dex+6}
   (You found it on level 9 of the Dungeon)

   It affects your evasion (+3).
   It affects your dexterity (+6).
Magical staves
 a - an uncursed staff of earth
Rods
 S - a +8 rod of ignition (11/11)
   (You found it in a labyrinth)
Jewellery
 k - an amulet of regeneration (around neck)
 p - an uncursed ring of magical power
 r - an uncursed ring of protection from fire
 t - the ring "Kaweucuti" (right hand) {rPois rC++ Dex-4 SInv Stlth-}
   (You took it off an orc warrior on level 4 of the Vaults)

   [ring of loudness]

   It affects your dexterity (-4).
   It greatly protects you from cold.
   It protects you from poison.
   It lets you see invisible.
   It makes you less stealthy.
 L - the ring of Nemelex Xobeh's Scorn (left hand) {SustAt rElec rPois}
   (You found it on level 7 of the Lair of Beasts)

   [ring of sustain attributes]

   It sustains your strength, intelligence and dexterity.
   It insulates you from electricity.
   It protects you from poison.
Magical devices
 E - a wand of digging (14)
 F - a wand of frost (19)
 J - a wand of disintegration (8)
 K - a wand of fire (6)
 N - a wand of hasting (8)
 Y - a wand of fireball (7)
Scrolls
 e - 22 scrolls of remove curse
 f - 2 scrolls of amnesia
 g - 14 scrolls of teleportation
 i - 8 scrolls of recharging
 o - 7 scrolls of identify
 s - a scroll of blinking
 w - 12 scrolls of fog
 x - 2 scrolls of brand weapon
 C - 2 scrolls of silence
 D - 2 scrolls of enchant weapon
 H - a scroll of fear
 Q - 3 scrolls of summoning
 X - 8 scrolls of magic mapping
Potions
 m - 10 potions of brilliance
 n - 23 potions of curing
 q - 4 potions of haste
 u - 4 potions of heal wounds
 v - 5 potions of magic
 z - 3 potions of invisibility
 A - a potion of berserk rage
 B - 7 potions of agility
 M - 3 potions of might
 O - 4 potions of resistance
 W - 2 potions of cancellation
Miscellaneous
 l - a sack of spiders {used: 3}
 T - a phial of floods
 V - a fan of gales
Comestibles
 c - 13 bread rations
 h - 20 fruits
 j - 3 meat rations


   Skills:
 - Level 10.0 Fighting
 - Level 10.2 Staves
 - Level 10.0 Dodging
 - Level 1.7 Stealth
 - Level 9.2 Shields
 + Level 21.4 Spellcasting
 + Level 17.1 Conjurations
 - Level 16.0 Charms
 - Level 5.0 Transmutations
 + Level 20.2 Earth Magic
 + Level 15.0 Evocations


You had 24 spell levels left.
You knew the following spells:

 Your Spells              Type           Power        Failure   Level  Hunger
a - Apportation           Tloc           #####.....   5%          1    None
b - Passwall              Trmt/Erth      #######...   1%          3    None
c - Lee's Rapid Deconstr  Erth           ########..   1%          5    None
d - Petrify               Trmt/Erth      #######.     1%          4    None
e - Iron Shot             Conj/Erth      ########..   1%          6    ##.....
f - Stoneskin             Trmt/Erth      #######.     1%          2    None
g - Bolt of Magma         Conj/Fire/Erth #######...   1%          5    None
h - Regeneration          Chrm/Necr      #######...   1%          3    None
i - Haste                 Chrm           ########     2%          6    ##.....
j - Blink                 Tloc           N/A          7%          2    None
x - Stone Arrow           Conj/Erth      ######       1%          3    None
z - Sandblast             Erth           ######       1%          1    None


Dungeon Overview and Level Annotations

Branches:
Dungeon (15/15)            Temple (1/1) D:6            Lair (8/8) D:8
  Swamp (4/4) Lair:3       Spider (4/4) Lair:6        Slime (0/6) Lair:8
    Orc (4/4) D:11            Elf (3/3) Orc:4        Vaults (4/5) D:13
  Crypt (0/3) Vaults:3     Depths (5/5) D:15            Zot (0/5) Depths:5

Altars:
Cheibriados
Dithmenos
Elyvilon
Fedhas
Gozag
Kikubaaqudgha
Makhleb
Nemelex Xobeh
Okawaru
Ru
Sif Muna
Trog
Vehumet
Xom
Yredelemnul
Zin
The Shining One
Beogh

Shops:
D:4 =(=   Orc:1 *   Orc:4 %}%*   Elf:1 *   Vaults:2 ?   Vaults:3 }   Vaults:4 :

Portals:
Hell: Depths:1 Depths:2 Depths:3 Depths:4 Depths:5
Abyss: Depths:2 Depths:4
Pandemonium: Depths:1 Depths:2 Depths:3 Depths:5
Ziggurat: Depths:5
Trove: Depths:5 (give 6 scrolls of blinking)

Annotations:
Elf:2 3 runed doors
Depths:5 Jory


Innate Abilities, Weirdness & Mutations

You can breathe bolts of dispelling energy.
Your rich purple scales are hard (AC +12).
Your body does not fit into most forms of armour.
You are cold-blooded and may be slowed by cold attacks.
Your large and strong wings let you fly indefinitely.
You are agile. (Dex +2)
Your flesh is cold resistant.
You are somewhat resistant to further mutation.
You passively map a small area around you.
You are robust (+10% HP).
You are resistant to electric shocks.
Your spells are a little harder to cast, but a little more powerful.
You expend magic power (3 MP) to strengthen your wands.


Message History

Jory gestures at you while chanting. The crystal spear hits you!
* * * LOW HITPOINT WARNING * * *
Unknown command.
Drink which item? (? for menu, Esc to quit)
You feel much better.
The flayed ghost cries, "Suffer as I suffered!"
Terrible wounds spread across more of your body!
* * * LOW HITPOINT WARNING * * *
Jory gestures at you while chanting. The crystal spear hits you!
* * * LOW HITPOINT WARNING * * *
Casting: Iron Shot
Confirm with . or Enter, or press ? or * to list all spells.
You blink.
Your surroundings suddenly seem different.
A stone giant comes into view.
The stone giant shouts!
The stone giant throws a large rock.
The large rock hits you!!
You die...

................................#
..............§.≈....#######..###
.........##....≈§≈...# ##(.##..
.[.......###..≈≈∩≈≈..# ##..##...
.........# #...§§≈C[.# ##..##....
...^.....###....≈....###..##.....
....................###..##......
#....#..............###.##.......
#.####..........@.#.#...#........
#.####...#######....[..##....)...
.........#######.#.#[.##...(.####
.................#...##.)..###...
........##########..##...###...#.
....................#..###..∩###)
........##########.)#'##...### #.
##########....# #.......### #.
#.....##....# #.......#######.


You could see a stone giant.

Vanquished Creatures
  Mara (Swamp:3)
  3 golden dragons
  A bone dragon (Depths:5)
  Arachne (Spider:2)
  Jorgrun (Elf:3)
  5 liches
  Rupert (Orc:4)
  A tentacled monstrosity (Depths:3)
  3 quicksilver dragons
  2 deep elf blademasters
  2 titans
  A deep elf master archer (Elf:3)
  4 sphinxes
  Agnes (Spider:4)
  3 shadow dragons
  Frances (D:13)
  4 thorn hunters
  A draconian monk (WizLab)
  2 tengu reavers
  A storm dragon (Depths:3)
  7 fire giants
  3 frost giants
  Donald (Orc:3)
  4 ghost moths
  Maud (Orc:4)
  A draconian scorcher (Depths:5)
  3 balrugs
  5 vault wardens
  An orc warlord (Orc:4)
  A caustic shrike zombie (Depths:4)
  15 deep elf sorcerers
  Aizul (Elf:2)
  Louise (D:14)
  A draconian shifter (Depths:5)
  An iron dragon (Depths:3)
  6 emperor scorpions (Spider:4)
  4 ghouls (Swamp:1)
  A reaper (Depths:3)
  10 ironheart preservers
  A spriggan defender (Depths:4)
  A war gargoyle (Vaults:1)
  4 vampire knights
  14 stone giants
  A caustic shrike skeleton (Depths:1)
  5 very ugly things
  A draconian caller (Depths:5)
  A green draconian (Depths:5)
  Nessos (Lair:5)
  9 deep elf demonologists
  2 red draconians (Depths:5)
  A black draconian (Depths:5)
  Azrael (Orc:4)
  11 deep elf annihilators
  2 blizzard demons
  Snorg (Lair:7)
  8 fire dragons
  9 deep elf death magi
  An orange crystal statue (WizLab)
  2 jiangshi (Depths:1)
  5 ettins
  10 vault guards
  10 yaktaur captains
  Josephine (Lair:6)
  A minotaur (Lab)
  10 deep elf high priests
  20 hydras
  9 great orbs of eyes
  2 entropy weavers (Depths:1)
  Harold (D:11)
  A great orb of eyes (shapeshifter) (Depths:3)
  6 ice dragons
  2 ghost crabs
  An anaconda (shapeshifter) (Vaults:1)
  A catoblepas (Lair:7)
  8 alligators
  3 dancing weapons
  A salamander stormcaller (Vaults:4)
  4 spriggan air magi
  A queen ant (Lair:8)
  9 centaur warriors
  10 ogre magi
  3 vampire magi
  7 deep troll earth magi
  8 deep troll shamans
  4 tengu warriors
  10 orc high priests
  3 death yaks
  Urug (Lair:3)
  5 spriggan berserkers
  2 soul eaters (Depths:3)
  7 sun demons
  4 hell knights (Depths:5)
  Nergalle (D:10)
  A fire crab (Vaults:3)
  25 deep elf knights
  A storm dragon zombie (Vaults:4)
  2 iron trolls (Depths:4)
  11 skeletal warriors
  2 shadow wraiths (Vaults:3)
  6 ice devils
  3 large abominations
  5 spriggan druids
  20 deep elf summoners
  A torturous demonspawn (Depths:2)
  3 unseen horrors
  7 giant orange brains
  A storm dragon skeleton (Depths:4)
  2 flayed ghosts
  A giant orange brain (shapeshifter) (Depths:5)
  11 hill giants
  A lindwurm (shapeshifter) (D:15)
  11 swamp dragons
  5 shambling mangroves
  A putrid demonspawn (Depths:5)
  A spectral hydra (Swamp:3)
  3 ice statues
  25 deep trolls
  A tengu zombie (Depths:4)
  A mana viper (shapeshifter) (Depths:3)
  9 ironbrand convokers
  2 shadow demons (Elf:3)
  13 necromancers
  12 orc knights
  10 hornets
  8 wizards
  8 orb spiders
  21 deep elf conjurers
  2 frost giant zombies (Depths:1)
  21 wolf spiders
  A tengu skeleton (Depths:4)
  6 orc sorcerers
  2 moths of wrath (Spider:4)
  A sphinx skeleton (D:15)
  9 rust devils
  37 ugly things
  A black mamba (shapeshifter) (Elf:3)
  4 cyclopes
  A stone giant skeleton (Depths:1)
  2 stone giant zombies
  4 griffons
  15 vault sentinels
  4 black mambas
  A moth of wrath (shapeshifter) (Elf:1)
  2 human skeletons
  Joseph (D:7)
  2 fire giant skeletons
  6 elephants
  An eye of devastation (Lair:8)
  5 gargoyles
  Psyche (D:8)
  2 orange demons
  A torpor snail (Spider:4)
  A hellion (Depths:5)
  3 fire drakes
  40 spiny frogs
  A smoke demon (Depths:3)
  2 efreet
  2 yaktaurs (shapeshifter)
  24 yaktaurs
  14 demonic crawlers
  5 kobold demonologists
  A golden dragon simulacrum (Depths:3)
  A yaktaur skeleton (Vaults:3)
  3 komodo dragons
  11 deep elf priests
  9 freezing wraiths
  12 blue devils
  A redback zombie (D:15)
  A spectral glowing shapeshifter (Depths:1)
  18 jumping spiders
  The ghost of totalnoob the Ducker, an average NaFi (D:3)
  6 red devils
  A tengu simulacrum (Depths:3)
  20 two-headed ogres
  2 tengu conjurers (Depths:3)
  A queen bee (shapeshifter) (Vaults:4)
  8 trolls
  2 wind drakes (shapeshifter)
  3 polar bears (Lair:7)
  A slime creature (shapeshifter) (Vaults:4)
  9 giant leeches
  2 fire giant simulacra
  2 fire vortices (D:13)
  A shadow dragon simulacrum (Depths:3)
  3 spriggan zombies (Depths:1)
  5 boulder beetles
  55 slime creatures
  23 ravens
  An ice dragon zombie (Depths:1)
  13 bog bodies
  9 wraiths
  18 shadows
  13 blink frogs
  22 flying skulls
  A stone giant simulacrum (Vaults:3)
  An ice dragon skeleton (Depths:1)
  A spectral giant leech (Swamp:3)
  19 spriggans
  55 yaks
  32 redbacks
  6 water elementals
  An ettin skeleton (Vaults:3)
  A yaktaur simulacrum (Depths:1)
  A fire elemental (Orc:4)
  A spriggan skeleton (Depths:1)
  42 deep elf magi
  An iron dragon simulacrum (Depths:3)
  A centaur simulacrum (D:12)
  18 trapdoor spiders
  3 basilisks
  2 ynoxinuls (Elf:3)
  41 vampire mosquitoes
  19 hippogriffs
  14 tarantellas
  19 humans (D:13)
  3 wyverns
  46 deep elf fighters
  A hippogriff (shapeshifter) (Vaults:2)
  3 hungry ghosts
  Grum (D:8)
  35 wolves
  A chaos spawn (Depths:1)
  A steam dragon (D:11)
  A vampire (Depths:1)
  7 soldier ants
  A neqoxec (Depths:2)
  A fire bat (shapeshifter) (Lair:3)
  2 human simulacra
  A basilisk (shapeshifter) (Depths:2)
  6 air elementals
  An elf skeleton (Depths:1)
  Menkaure (D:8)
  4 fire bats (D:13)
  3 insubstantial wisps (Swamp:3)
  7 wargs
  A spectral spiny frog (Swamp:3)
  An elf simulacrum (Depths:1)
  3 human zombies
  11 porcupines
  33 swamp worms
  60 orc warriors
  24 spiders
  A deep troll skeleton (Vaults:3)
  20 water moccasins
  6 swamp drakes (Swamp:4)
  An eye of draining (Lair:8)
  11 hell hounds
  A swamp drake (shapeshifter) (Depths:3)
  61 ogres
  7 sky beasts
  27 wasps
  7 ice beasts
  2 boggarts (Elf:3)
  3 phantoms
  24 centaurs
  4 black bears
  A lost soul (Vaults:2)
  A salamander simulacrum (Vaults:3)
  22 big kobolds
  13 crocodiles
  2 brain worms
  A gnoll sergeant (D:4)
  41 giant frogs
  A wyvern skeleton (D:14)
  A scorpion (shapeshifter) (Depths:1)
  4 scorpions
  4 killer bees
  6 wights
  12 electric eels
  9 crimson imps
  3 centaur zombies
  2 giant frog zombies
  A gnoll shaman (D:6)
  17 hounds
  3 lava snakes (D:13)
  4 centaur skeletons
  3 quasits
  55 orc priests
  3 giant frog skeletons (D:5)
  5 jellies
  41 orc wizards
  Jessica (D:2)
  Terence (D:2)
  6 iguanas
  Natasha (twice) (D:2)
  An iron imp (D:11)
  4 hell rats
  14 worker ants
  A crocodile zombie (Lair:7)
  2 polar bear simulacra (Lair:6)
  24 sheep
  2 yak simulacra (Lair:6)
  3 wolf simulacra (Lair:6)
  A hound zombie (D:6)
  A hound skeleton (D:6)
  A worker ant zombie (D:6)
  7 gnolls
  33 river rats
  13 adders
  5 shadow imps
  9 white imps (IceCv)
  A giant eyeball (Vaults:4)
  4 ufetubi (IceCv)
  An ooze (D:2)
  An adder zombie (D:5)
  2 adder skeletons
  6 worms
  7 giant geckos
  348 orcs
  A ball python (D:4)
  29 bats
  4 bat skeletons
  A bat zombie (D:7)
  5 giant cockroaches
  21 goblins
  24 hobgoblins
  6 jackals
  41 kobolds
  6 quokkas
  A ball python zombie (D:5)
  2 giant newts
  A quokka skeleton (D:9)
  14 rats
  4 river rat simulacra (Lair:6)
  4 briar patches (Swamp:4)
  A bush (Lair:8)
  5 crawling corpses
  7 fungi
  8 plants
2743 creatures vanquished.

Vanquished Creatures (collateral kills)
  A deep elf death mage (Depths:3)
  An orb spider (Spider:2)
  A wolf spider (Spider:2)
  2 deep elf fighters (Depths:3)
  A giant frog (Lair:7)
6 creatures vanquished.

Vanquished Creatures (others)
  2 eldritch tentacles
  A deep elf high priest (Elf:3)
  A necromancer (Vaults:3)
  A deep elf conjurer (Elf:3)
  A water elemental (Depths:3)
  A jumping spider (Spider:2)
  A fire vortex (D:13)
  6 trapdoor spiders
  A deep troll skeleton (Depths:1)
  2 redbacks (Spider:2)
  A water moccasin (D:7)
  An ogre (Depths:1)
  A necrophage (D:7)
  A centaur (D:5)
  A lost soul (Vaults:2)
  A giant frog (D:7)
  A worker ant (D:5)
  A sheep (Lair:3)
  4 ufetubi (IceCv)
  An adder zombie (D:5)
  An orc (Orc:4)
  A quokka (D:7)
  A bush (Lair:8)
  138 eldritch tentacle segments
  15 fungi
  15 plants
201 creatures vanquished.

Grand Total: 2950 creatures vanquished

Notes
Turn   | Place    | Note
--------------------------------------------------------------
     0 | D:1      | namelastname112 the Draconian Earth Elementalist began the quest for the Orb.
     0 | D:1      | Reached XP level 1. HP: 14/14 MP: 3/3
   553 | D:1      | Reached XP level 2. HP: 20/20 MP: 3/5
  1405 | D:2      | Reached XP level 3. HP: 26/26 MP: 4/7
  1557 | D:2      | Noticed Natasha
  1567 | D:2      | Killed Natasha
  1567 | D:2      | Reached skill level 4 in Earth Magic
  1567 | D:2      | Reached XP level 4. HP: 29/33 MP: 0/8
  1573 | D:2      | Noticed Jessica
  1614 | D:2      | Killed Jessica
  1769 | D:2      | Noticed Terence
  1774 | D:2      | Killed Terence
  1774 | D:2      | Reached XP level 5. HP: 38/38 MP: 4/10
  2200 | D:2      | Noticed Natasha
  2203 | D:2      | Killed Natasha
  2248 | D:3      | Learned a level 3 spell: Stone Arrow
  2252 | D:3      | Learned a level 3 spell: Passwall
  2479 | D:3      | Found a glowing golden altar of the Shining One.
  2588 | D:3      | Noticed totalnoob's ghost (average NaFi)
  2676 | D:3      | Killed totalnoob's ghost
  2676 | D:3      | Reached skill level 5 in Earth Magic
  2676 | D:3      | Reached XP level 6. HP: 40/45 MP: 0/13
  3021 | D:3      | Found a shimmering altar of Xom.
  3297 | D:4      | Found Peushe's Weapon Shoppe.
  3307 | D:4      | Reached skill level 5 in Spellcasting
  3309 | D:4      | Found Xemiatept's Jewellery Boutique.
  3444 | D:4      | Reached skill level 6 in Earth Magic
  3444 | D:4      | Your scales start taking on a rich purple colour.
  3444 | D:4      | Reached XP level 7. HP: 47/50 MP: 16/16
  3783 | D:4      | Found Ogojuic's Jewellery Shoppe.
  4126 | D:4      | Reached skill level 7 in Spellcasting
  4452 | D:5      | Entered Level 5 of the Dungeon
  4607 | D:5      | Learned a level 5 spell: Lee's Rapid Deconstruction
  4612 | D:5      | Learned a level 4 spell: Petrify
  4659 | D:5      | Reached XP level 8. HP: 39/57 MP: 13/19
  5198 | D:5      | Reached skill level 8 in Spellcasting
  6433 | D:6      | Reached skill level 9 in Spellcasting
  6755 | D:6      | Reached XP level 9. HP: 62/62 MP: 3/22
  6889 | D:6      | Found a bloodstained altar of Trog.
  6893 | D:6      | Found an opulent altar of Gozag.
  7270 | D:6      | Reached skill level 10 in Spellcasting
  7680 | D:6      | Learned a level 1 spell: Apportation
  7736 | D:6      | Found a staircase to the Ecumenical Temple.
  7754 | Temple   | Entered the Ecumenical Temple
  7776 | Temple   | Became a worshipper of Vehumet
  7806 | D:6      | Gained mutation: You possess an exceptional clarity of mind. [mutagenic meat]
  7807 | D:6      | Gained mutation: Your spells are a little easier to cast, but a little less powerful. [mutagenic meat]
  7839 | D:6      | Reached skill level 1 in Conjurations
  7842 | D:6      | Reached skill level 10 in Earth Magic
  8219 | D:7      | Found a blossoming altar of Fedhas.
  8289 | D:7      | Noticed Menkaure
  8515 | D:7      | Gained mutation: Your body sometimes deteriorates upon taking damage. [potion of mutation]
  8603 | D:7      | Noticed Joseph
  8895 | D:7      | Killed Joseph
  9123 | D:7      | Noticed a blizzard demon
  9124 | D:7      | Found a burning altar of Makhleb.
  9126 | D:7      | Found a glowing silver altar of Zin.
  9130 | D:7      | Noticed an angel
  9360 | D:8      | Reached skill level 11 in Spellcasting
  9360 | D:8      | Reached XP level 10. HP: 58/69 MP: 7/25
  9360 | D:8      | Acquired Vehumet's first power
  9360 | D:8      | Offered knowledge of Flame Tongue by Vehumet.
  9489 | D:7      | Lost mutation: You possess an exceptional clarity of mind. [potion of cure mutation]
  9489 | D:7      | Lost mutation: Your body sometimes deteriorates upon taking damage. [potion of cure mutation]
  9489 | D:7      | Lost mutation: Your spells are a little easier to cast, but a little less powerful. [potion of cure mutation]
  9615 | D:8      | Killed Menkaure
  9784 | D:8      | Noticed Psyche
  9793 | D:8      | Noticed Grum
  9939 | D:8      | Offered knowledge of Searing Ray by Vehumet.
 10875 | D:8      | Killed Grum
 11149 | D:8      | Killed Psyche
 11294 | D:8      | Gained mutation: Your magical capacity is low (-10% MP). [mutagenic meat]
 11295 | D:8      | Gained mutation: You passively map a small area around you. [mutagenic meat]
 11296 | D:8      | Gained mutation: You are robust (+10% HP). [mutagenic meat]
 11297 | D:8      | Gained mutation: You expend magic power (3 MP) to strengthen your wands. [mutagenic meat]
 11298 | D:8      | Gained mutation: You are resistant to electric shocks. [mutagenic meat]
 11299 | D:8      | Gained mutation: You can translocate small distances at will. [mutagenic meat]
 11586 | D:8      | Found a staircase to the Lair.
 11610 | D:9      | Reached skill level 5 in Conjurations
 11613 | D:9      | Offered knowledge of Static Discharge by Vehumet.
 11709 | D:9      | Learned a level 6 spell: Iron Shot
 11728 | D:9      | Found a white marble altar of Elyvilon.
 11784 | D:9      | Noticed a hill giant
 11788 | D:9      | Killed a hill giant
 12294 | D:9      | Acquired Vehumet's second power
 12375 | D:9      | Reached XP level 11. HP: 74/81 MP: 24/24
 12384 | D:9      | Lost mutation: You can translocate small distances at will. [mutagenic meat]
 12385 | D:9      | Lost mutation: Your magical capacity is low (-10% MP). [mutagenic meat]
 12386 | D:9      | Gained mutation: You are agile. (Dex +2) [mutagenic meat]
 12387 | D:9      | Gained mutation: Your large and strong wings let you fly indefinitely. [mutagenic meat]
 12788 | D:9      | Reached skill level 12 in Spellcasting
 12818 | D:9      | Identified the Almanac of Vitriolic Transmigration
 13045 | D:10     | Entered Level 10 of the Dungeon
 13131 | D:10     | Offered knowledge of Fulminant Prism by Vehumet.
 13163 | D:10     | Gained mutation: Your flesh is cold resistant. [mutagenic meat]
 13164 | D:10     | Gained mutation: You are somewhat resistant to further mutation. [mutagenic meat]
 13165 | D:10     | Lost mutation: You are agile. (Dex +2) [mutagenic meat]
 13167 | D:10     | Gained mutation: Your spells are a little harder to cast, but a little more powerful. [mutagenic meat]
 13464 | D:10     | Noticed a hill giant
 13468 | D:10     | Killed a hill giant
 13468 | D:10     | Reached skill level 5 in Transmutations
 14126 | D:11     | Acquired Vehumet's third power
 14127 | D:11     | Noticed Nergalle
 14128 | D:11     | Offered knowledge of Throw Icicle by Vehumet.
 14270 | D:10     | Noticed a spectral orc warlord
 14452 | D:10     | Killed Nergalle
 14642 | D:11     | Found a staircase to the Orcish Mines.
 15101 | D:11     | Noticed Harold
 15107 | D:11     | Killed Harold
 15173 | D:11     | Noticed a seven-headed hydra
 15540 | D:11     | Noticed a hill giant
 15544 | D:11     | Killed a hill giant
 15612 | D:11     | Killed a seven-headed hydra
 15612 | D:11     | Reached skill level 13 in Spellcasting
 16010 | D:11     | Offered knowledge of Olgreb's Toxic Radiance by Vehumet.
 16204 | Lair:1   | Entered Level 1 of the Lair of Beasts
 16398 | Lair:1   | Reached skill level 1 in Staves
 16398 | Lair:1   | Reached skill level 1 in Fighting
 16398 | Lair:1   | Reached XP level 12. HP: 88/91 MP: 10/29
 17906 | Lair:2   | Noticed a four-headed hydra
 17914 | Lair:2   | Killed a four-headed hydra
 18548 | Lair:3   | Reached skill level 5 in Fighting
 18565 | Lair:3   | Noticed Urug
 18685 | Lair:3   | Killed Urug
 18843 | Lair:3   | Reached skill level 5 in Dodging
 18889 | Lair:3   | Reached skill level 5 in Staves
 19273 | Lair:3   | Found a staircase to the Swamp.
 19318 | Lair:3   | Offered knowledge of Ozocubu's Refrigeration by Vehumet.
 20731 | Lair:4   | Reached XP level 13. HP: 114/114 MP: 17/30
 21226 | Lair:4   | Noticed an eight-headed hydra
 21237 | Lair:4   | Killed an eight-headed hydra
 22271 | Lair:5   | Noticed Nessos
 22276 | Lair:5   | Killed Nessos
 23249 | Lair:6   | Noticed Josephine
 23251 | Lair:6   | Killed Josephine
 23320 | Lair:6   | Offered knowledge of Bolt of Cold by Vehumet.
 23754 | Lair:6   | Found a hole to the Spider Nest.
 23915 | Lair:7   | Reached skill level 1 in Evocations
 25066 | Lair:7   | Noticed Snorg
 25378 | Lair:7   | Killed Snorg
 25378 | Lair:7   | Reached XP level 14. HP: 98/130 MP: 13/31
 26062 | Lair:7   | Offered knowledge of Freezing Cloud by Vehumet.
 26362 | Lair:7   | Got a flickering platinum ring
 26363 | Lair:7   | Identified the ring of Nemelex Xobeh's Scorn {SustAt rElec rPois} (You found it on level 7 of the Lair of Beasts)
 26435 | Lair:7   | Reached skill level 10 in Fighting
 27124 | Lair:8   | Entered Level 8 of the Lair of Beasts
 27127 | Lair:8   | Reached skill level 5 in Evocations
 27308 | Lair:1   | Learned a level 2 spell: Stoneskin
 27314 | Lair:1   | Learned a level 5 spell: Bolt of Magma
 27797 | Lair:8   | Upgraded the game from 0.17-a0-1141-g3e25b61 to 0.17-a0-1150-g17b0b87
 28070 | Lair:8   | Identified Naghagua's Almanac of Dark Arts
 28072 | Lair:8   | Identified the Disquisition on the Snowflakes (You found it on level 8 of the Lair of Beasts)
 28262 | Lair:8   | Found a staircase to the Slime Pits.
 28474 | Lair:8   | Reached skill level 10 in Staves
 29033 | Lair:8   | Offered knowledge of Orb of Destruction by Vehumet.
 29042 | Lair:8   | Learned a level 7 spell: Orb of Destruction
 29335 | Lair:8   | Reached skill level 10 in Dodging
 29873 | Lair:1   | Learned a level 2 spell: Sublimation of Blood
 29961 | Orc:1    | Entered Level 1 of the Orcish Mines
 30358 | Orc:1    | Found Buduomof's Assorted Antiques.
 30366 | Orc:1    | Bought a wooden ring for 125 gold pieces
 30366 | Orc:1    | Bought an iron wand for 100 gold pieces
 30719 | Orc:1    | Offered knowledge of Delayed Fireball by Vehumet.
 31726 | Orc:3    | Noticed Donald
 31947 | Orc:3    | Killed Donald
 32191 | Orc:3    | Found a roughly hewn altar of Beogh.
 32416 | Orc:4    | Entered Level 4 of the Orcish Mines
 32425 | Orc:4    | Reached XP level 15. HP: 115/138 MP: 12/32
 32433 | Orc:4    | Noticed Maud
 32442 | Orc:4    | Killed Maud
 33059 | Orc:4    | Found a staircase to the Elven Halls.
 33230 | Orc:4    | Noticed Rupert
 33243 | Orc:4    | Killed Rupert
 33248 | Orc:4    | Offered knowledge of Spellforged Servitor by Vehumet.
 33450 | Orc:4    | Found a roughly hewn altar of Beogh.
 33629 | Orc:4    | Found Anutes's Assorted Antiques.
 33633 | Orc:4    | Bought a small pearl amulet for 195 gold pieces
 33639 | Orc:4    | Found Didino's Food Shop.
 33812 | Orc:4    | Noticed Azrael
 33822 | Orc:4    | Killed Azrael
 33877 | Orc:4    | Offered knowledge of Lehudib's Crystal Spear by Vehumet.
 33877 | Orc:4    | Offered knowledge of Chain Lightning by Vehumet.
 33877 | Orc:4    | Offered knowledge of Tornado by Vehumet.
 33988 | Orc:4    | Noticed an orc warlord
 34004 | Orc:4    | Killed an orc warlord
 34273 | Orc:4    | Found Dointumo's Food Shop.
 34473 | Orc:4    | Found a roughly hewn altar of Beogh.
 34527 | Orc:4    | Found Dunusot's Gadget Boutique.
 34803 | Orc:4    | Reached skill level 14 in Spellcasting
 35396 | Orc:4    | Got a dazzling morningstar
 35462 | Elf:1    | Entered Level 1 of the Elven Halls
 35511 | Elf:1    | Found Zukhou's Assorted Antiques.
 35524 | Elf:1    | Bought an embroidered cloak for 90 gold pieces
 35524 | Elf:1    | Bought a faintly humming buckler for 190 gold pieces
 35524 | Elf:1    | Bought 2 scrolls of identify for 80 gold pieces
 35524 | Elf:1    | Bought a scroll labeled MEDEL GIP URU for 20 gold pieces
 35524 | Elf:1    | Bought an encrusted iron wand for 80 gold pieces
 35533 | Elf:1    | Identified the +10 morningstar of Uchuty {venom, *Corrode Str+5 Dex+4} (You took it off an orc wizard on level 4 of the Orcish Mines)
 35541 | Elf:1    | Identified the +3 buckler of Dishonour {rCorr Dex+4 Slay+3} (You bought it in a shop on level 1 of the Elven Halls)
 35636 | Elf:1    | Found a magical portal.
 35650 | WizLab   | Entered Wucad Mu's Monastery
 35668 | WizLab   | Noticed a grey draconian monk
 35675 | WizLab   | Killed a grey draconian monk
 35693 | WizLab   | Noticed a grey draconian monk
 35714 | WizLab   | Noticed a grey draconian monk
 35773 | WizLab   | Reached skill level 10 in Evocations
 36182 | Elf:1    | Reached skill level 5 in Charms
 36182 | Elf:1    | Reached XP level 16. HP: 147/147 MP: 29/34
 36183 | Elf:1    | Gained mutation: You are agile. (Dex +2) [potion of beneficial mutation]
 36536 | Elf:1    | Found an ancient bone altar of Kikubaaqudgha.
 37010 | Elf:1    | Reached XP level 17. HP: 96/154 MP: 7/35
 37011 | Elf:1    | Reached skill level 10 in Conjurations
 37016 | Elf:1    | Got a pitted platinum ring
 37581 | Elf:2    | Identified the ring of Starshine {Str+7 Int-4 Stlth-} (You took it off a deep elf knight on level 1 of the Elven Halls)
 37585 | Elf:2    | Identified Ts'ui Pên's Compendium of Forking Paths (You found it on level 2 of the Elven Halls)
 37596 | Elf:2    | Identified the Papyrus of Axaxaxas mlö
 37618 | Elf:2    | Identified the Incunabulum of Dhcmrlchtdj
 37821 | Elf:2    | Noticed Aizul
 37826 | Elf:2    | Killed Aizul
 37987 | Elf:2    | Found a runed gate.
 37989 | Elf:2    | Found a runed gate.
 37989 | Elf:2    | Found a runed gate.
 38251 | Elf:3    | Entered Level 3 of the Elven Halls
 38886 | D:12     | Found a large runed door.
 38895 | D:12     | Found a large runed door.
 38994 | D:12     | Found an opulent altar of Gozag.
 38999 | D:12     | Reached skill level 15 in Spellcasting
 39080 | D:12     | Found a blossoming altar of Fedhas.
 39622 | D:13     | Noticed Frances
 39636 | D:13     | Killed Frances
 40447 | D:13     | Found a gate to the Vaults.
 41151 | D:14     | Found a labyrinth entrance.
 41174 | Lab      | Entered a labyrinth
 41484 | Lab      | Identified A Primer on Sorcery
 41524 | D:14     | Found a frozen archway.
 41533 | IceCv    | Entered an ice cave
 42182 | IceCv    | Got an ivory demon blade
 42188 | IceCv    | Identified the +6 demon blade of Muwno {antimagic, rElec rN+ Str+2} (You found it in an ice cave)
 42304 | D:14     | Identified a +8 rod of ignition (11/11) (You found it in a labyrinth)
 42755 | D:14     | Noticed Louise
 42761 | D:14     | Killed Louise
 43159 | D:15     | Entered Level 15 of the Dungeon
 43219 | D:15     | Found a staircase to the Depths.
 43674 | D:15     | Reached XP level 18. HP: 134/161 MP: 15/37
 44281 | Lair:1   | Learned a level 3 spell: Regeneration
 44391 | Swamp:1  | Entered Level 1 of the Swamp
 46520 | Swamp:2  | Reached skill level 10 in Charms
 47917 | Swamp:3  | Noticed Mara
 47928 | Swamp:3  | Killed Mara
 48193 | Swamp:4  | Entered Level 4 of the Swamp
 48210 | Swamp:4  | Reached skill level 1 in Shields
 48629 | Swamp:4  | Reached skill level 5 in Shields
 48833 | Swamp:4  | Reached XP level 19. HP: 167/169 MP: 38/38
 49184 | Swamp:4  | Got a decaying rune of Zot
 50194 | Spider:1 | Entered Level 1 of the Spider Nest
 50940 | Spider:2 | Reached skill level 16 in Spellcasting
 51037 | Spider:2 | Noticed Arachne
 51043 | Spider:2 | Killed Arachne
 51043 | Spider:2 | Reached skill level 15 in Earth Magic
 52301 | Spider:4 | Entered Level 4 of the Spider Nest
 52474 | Spider:4 | Noticed Agnes
 52490 | Spider:4 | Killed Agnes
 53525 | Spider:4 | Reached skill level 17 in Spellcasting
 54212 | Spider:4 | Got a gossamer rune of Zot
 54738 | Orc:4    | Bought a meat ration for 70 gold pieces
 54738 | Orc:4    | Bought a meat ration for 70 gold pieces
 54738 | Orc:4    | Bought a meat ration for 70 gold pieces
 54738 | Orc:4    | Bought a bread ration for 70 gold pieces
 54801 | Orc:4    | Bought a meat ration for 60 gold pieces
 54801 | Orc:4    | Bought a bread ration for 60 gold pieces
 54801 | Orc:4    | Bought a beef jerky for 18 gold pieces
 54801 | Orc:4    | Bought 4 fruits for 72 gold pieces
 54801 | Orc:4    | Bought a beef jerky for 18 gold pieces
 54868 | Orc:4    | Bought a beef jerky for 21 gold pieces
 55121 | Vaults:1 | Entered Level 1 of the Vaults
 55880 | Vaults:1 | Reached XP level 20. HP: 177/177 MP: 30/41
 56984 | Vaults:1 | Reached skill level 18 in Spellcasting
 57097 | Vaults:2 | Found Vujong Buny's Magic Scroll Boutique.
 57107 | Vaults:2 | Bought a scroll of magic mapping for 59 gold pieces
 57370 | Vaults:2 | Identified a scroll of acquirement
 58502 | Vaults:3 | Found a staircase to the Crypt.
 60301 | Vaults:3 | Found Sinaciva's Gadget Boutique.
 60506 | Vaults:4 | Reached XP level 21. HP: 144/184 MP: 35/43
 60915 | Vaults:4 | Found Zavaraup's Book Shop.
 61292 | Vaults:4 | Reached skill level 19 in Spellcasting
 61598 | Vaults:4 | Got a transparent pewter ring
 61599 | Vaults:4 | Identified the ring "Kaweucuti" {rPois rC++ Dex-4 SInv Stlth-} (You took it off an orc warrior on level 4 of the Vaults)
 62898 | Elf:3    | Found a deep blue altar of Sif Muna.
 62952 | Elf:3    | Identified the Handbook of Companions
 63083 | Elf:3    | Noticed Jorgrun
 63087 | Elf:3    | Killed Jorgrun
 63321 | Elf:3    | Reached skill level 15 in Charms
 63862 | Elf:3    | Got a flickering jade ring
 63891 | Elf:3    | Reached XP level 22. HP: 165/191 MP: 40/45
 64558 | Elf:3    | Identified the ring "Ceuxt" {rPois MR- Str+4 Slay+3 Stlth+} (You took it off a deep elf annihilator on level 3 of the Elven Halls)
 64564 | Elf:3    | Identified Gailyfo's Volume of the Destructive Arsonist (You found it on level 3 of the Elven Halls)
 64741 | Elf:3    | Got a polished hand axe
 64742 | Elf:3    | Identified the +5 hand axe of Watchfulness {vamp, rF+ Int+7 Dex+2} (You took it off a deep elf summoner on level 3 of the Elven Halls)
 65426 | Lair:1   | Learned a level 6 spell: Haste
 65429 | Lair:1   | Learned a level 2 spell: Blink
 65430 | Lair:1   | Upgraded the game from 0.17-a0-1150-g17b0b87 to 0.17-a0-1164-g0ba867e
 66080 | Depths:1 | Entered Level 1 of the Depths
 66228 | Depths:1 | Found a deep blue altar of Sif Muna.
 66667 | Depths:1 | Reached skill level 20 in Spellcasting
 66813 | Depths:1 | Found a one-way gate leading to the halls of Pandemonium.
 66815 | Depths:1 | Reached skill level 15 in Conjurations
 66955 | Depths:1 | Identified the Compendium of Necromancy
 67346 | Depths:1 | Found a gateway to Hell.
 67898 | Depths:2 | Found a one-way gate to the infinite horrors of the Abyss.
 67913 | Depths:2 | Got a twitching granite ring
 67916 | Depths:2 | Identified the ring of the Harvest {rElec EV+2 Str-2 Dex+2} (You found it on level 2 of the Depths)
 69263 | Depths:3 | Found a shimmering altar of Xom.
 69297 | Depths:3 | Reached XP level 23. HP: 199/199 MP: 26/47
 69722 | Depths:3 | Found an opulent altar of Gozag.
 70435 | Depths:3 | Got a dazzling hat
 70441 | Depths:3 | Identified the +1 hat of the Soldier {Dex+2} (You found it on level 3 of the Depths)
 70457 | Depths:3 | Got a faintly humming hat
 70463 | Depths:3 | Identified the +0 hat "Megaikec" {Str+6} (You found it on level 3 of the Depths)
 70829 | Depths:3 | Found a basalt altar of Yredelemnul.
 71182 | Depths:3 | Found a glowing silver altar of Zin.
 71590 | Depths:4 | Reached skill level 21 in Spellcasting
 72527 | Depths:4 | You are sucked into a shaft!
 72527 | Depths:5 | Entered Level 5 of the Depths
 73194 | Depths:5 | Found a gateway to a ziggurat.
 73234 | Depths:5 | Reached XP level 24. HP: 207/207 MP: 31/48
 73329 | Depths:5 | Found a portal to a secret trove of treasure.
 73881 | Depths:5 | Reached skill level 15 in Evocations
 73890 | Depths:5 | Found a gate to the Realm of Zot.
 74128 | Depths:4 | Noticed Jory
 74159 | Depths:5 | Hit by a large rock thrown by a stone giant

Vault maps used:
D:1:      dpeg_arrival_morbid_curiosity
D:2:      uniq_natasha, uniq_terence, uniq_jessica
D:3:      lemuel_crystal_altar, nicolae_tso_carved_into_rock
D:4:      serial_shops, shop, shop, shop, minmay_small_thing
D:5:      lemuel_upstairs_altar, first_bread, nicolae_sextant, minivault_11,
          lemuel_flamethrower_2
D:6:      kennysheep_housing_project, minitemple, minmay_temple_entry_hall
D:7:      grunt_temple_overflow_order_and_chaos_2, overflow_temple_1_default,
          minmay_holes, columned_hall_lemuel, uniq_menkaure, uniq_joseph
D:8:      grunt_lair_entry_elf_guard_hut, the_bakery, uniq_grum, uniq_psyche
D:9:      elyvilon_altar_4
D:11:     hiddenorc2_lemuel, grunt_ministairs_6, hangedman_decor_lopped,
          uniq_harold, uniq_nergalle
D:12:     jmf_multi_god_temple2
D:13:     grunt_vaults_entry_tiered, kennysheep_crisscross,
          hangedman_incinerator, uniq_frances
D:14:     lab_entry_generic, kennysheep_doodads, portal_ice_cave_demonic_guard,
          uniq_louise
D:15:     gammafunk_depths_entry_grave
Temple:   circular_temple_12
Lair:1:   minivault_25, bh_autumn_forest_stairs
Lair:3:   nicolae_swamp_entry_splash_gauntlet, uniq_urug
Lair:4:   wad_woods_river_01
Lair:5:   uniq_nessos
Lair:6:   spider_nest_entry_web_field, eino_house_with_fridge, uniq_josephine
Lair:7:   pond_and_an_island_with_a_cottage, beast_lair_carwin_5, uniq_snorg
Lair:8:   minmay_lair_end_frog_pond, minmay_slime_entry_eyes, st_stairs_13,
          wad_woods_antlair
Swamp:1:  nicolae_snake_squiggles, swamp_pool1, st_shrine_of_shade
Swamp:2:  nicolae_swamp_fairy_circle, swamp_pool1, infiniplex_staircase_pool
Swamp:3:  evilmike_swamp_ruin_house_5, swamp_pool1, uniq_mara
Swamp:4:  swamp_alternative, swamp_pool5
Spider:2: nicolae_spider_cling_halls, uniq_arachne
Spider:3: hive_lemuel
Spider:4: grunt_spider_rune_circles, guppyfry_spider_mini_2, uniq_agnes
Orc:1:    serial_shops, shop, special_room
Orc:3:    basic_altar, nicolae_orc_pool_cavern, uniq_donald
Orc:4:    pubby_orc_utopia, uniq_rupert, uniq_maud, uniq_azrael
Elf:1:    minmay_elf_arrival_summoners, serial_shops, shop_coins,
          infiniplex_enter_wizlab_glasses, basic_altar, evilmike_minifort,
          st_stairs_5
Elf:2:    bh_hangedman_babel_library, uniq_aizul
Elf:3:    minmay_elf_hall_hex, hangedman_summoners_spam, uniq_jorgrun
Vaults:1: vaults_dpeg_hooks, ontoclasm_vaults_gallery, vaults_room_semicircle,
          vaults_room_ringed_pool, nicolae_vaults_angled_halls,
          ontoclasm_vaults_ligature, ontoclasm_vaults_decontamination,
          nicolae_vaults_ring_of_whatevers, v_alt_pattern_1, v_rooms_4
Vaults:2: hangedman_vaults_maws, ontoclasm_vaults_spin, hangedman_vaults_unwind,
          nicolae_vaults_alarming, hangedman_vaults_restitches,
          vaults_room_boxed, vaults_mumra_chevron_long,
          nicolae_vaults_rhombus_6, nicolae_vaults_little_squares_5,
          vaults_room_grid, serial_shops, nicolae_shop_waterfront
Vaults:3: v_misc_33, ontoclasm_vaults_chip, grunt_vaults_trifunnel,
          nicolae_vaults_circle_grid_a, nicolae_vaults_little_squares_4,
          vaults_mumra_lcd, hangedman_vaults_cutoff, v_misc_19,
          nicolae_vaults_rhombus_6, v_pattern_3,
          nicolae_vaults_little_squares_4, hangedman_vaults_trim, serial_shops,
          nicolae_shop_trees
Vaults:4: vaults_dpeg_diagonal, nicolae_vaults_big_ls, st_greater_box_5,
          vaults_dpeg_cross, vaults_room_corners, v_rooms_1,
          vaults_standard_mumra_enter_the_diamond, vaults_room_pools, v_misc_1,
          serial_shops, shop
Depths:1: lightli_tower_of_babel, lightli_too_deep, special_room,
          rand_demon_pan_entry_5, moated_statue, grunt_ministairs_1,
          lemuel_statue_altar
Depths:2: lemuel_ice_spiral_2, fountainhead, pf_dread_powers_of_hell,
          rand_demon_pan_entry_7, nicolae_abyss_entry_one_way_or_another,
          grunt_decor_resistance
Depths:3: grunt_profane_halls, pan_entry, hell_entry
Depths:4: wad_guarded_room, marbit_kobold_abyss_entry, abandoned_shop,
          hell_entry, kennysheep_potato, minmay_staircase_bubble, uniq_jory
Depths:5: grunt_zot_entry_bicorn, enter_ziggurat_b, hell_entry,
          rand_demon_pan_entry_8, enter_trove_6, corexii_hall_statues_i,
          lemuel_flamethrower_3
IceCv:    ice_cave_small_demon
WizLab:   wizlab_wucad

Action                   |  1- 3 |  4- 6 |  7- 9 | 10-12 | 13-15 | 16-18 | 19-21 | 22-24 || total
-------------------------+-------+-------+-------+-------+-------+-------+-------+-------++-------
Melee: Unarmed           |    54 |       |       |       |       |       |       |       ||    54
       Short sword       |    14 |    13 |       |       |       |       |       |       ||    27
       Trident           |       |    25 |   137 |       |       |       |       |       ||   162
       Whip              |       |       |    69 |   277 |       |       |       |       ||   346
       Dagger            |       |       |       |    97 |    55 |       |       |       ||   152
       Staff             |       |       |       |       |  1181 |   791 |   865 |   485 ||  3322
       Rod               |       |       |       |       |       |       |     1 |       ||     1
 Cast: Sandblast         |    61 |    91 |   163 |     1 |       |     2 |       |       ||   318
       Stone Arrow       |       |       |    32 |   123 |    15 |       |       |       ||   170
       Lee's Rapid Decon |       |       |    21 |    95 |    93 |    97 |   265 |   280 ||   851
       Petrify           |       |       |     5 |    36 |    26 |     8 |    50 |    21 ||   146
       Iron Shot         |       |       |       |    79 |   155 |   142 |    83 |   115 ||   574
       Bolt of Magma     |       |       |       |       |    98 |   161 |   262 |    81 ||   602
       Stoneskin         |       |       |       |       |    14 |     7 |     3 |     6 ||    30
       Passwall          |       |       |       |       |    10 |     4 |       |     2 ||    16
       Orb of Destructio |       |       |       |       |       |     2 |       |       ||     2
       Apportation       |       |       |       |       |       |       |     1 |       ||     1
       Blink             |       |       |       |       |       |       |       |     9 ||     9
 Abil: Breathe Dispellin |       |       |     1 |     8 |     6 |       |       |     1 ||    16
       Fly               |       |       |       |     1 |       |     2 |     1 |       ||     4
       Evoke Teleportati |       |       |       |       |       |     4 |       |       ||     4
       Evoke Invisibilit |       |       |       |       |       |       |     3 |       ||     3
Evoke: Wand              |       |       |       |     1 |       |       |       |       ||     1
       Fan of gales      |       |       |       |       |     1 |       |       |     1 ||     2
       Staff of Wucad Mu |       |       |       |       |       |    18 |    24 |     8 ||    50
       Sack of spiders   |       |       |       |       |       |       |     4 |       ||     4
       Rod               |       |       |       |       |       |       |     1 |       ||     1
       Phial of floods   |       |       |       |       |       |       |       |     1 ||     1
  Use: Scroll            |       |       |    22 |     7 |    19 |    10 |     9 |     9 ||    76
       Potion            |       |       |     8 |     1 |     8 |     1 |       |     3 ||    21
 Stab: Sleeping          |       |       |     2 |     6 |     7 |     1 |     2 |       ||    18
       Distracted        |       |       |     2 |       |     2 |     2 |     2 |       ||     8
       Petrifying        |       |       |       |     2 |     6 |     2 |     1 |       ||    11
       Paralysed         |       |       |       |     2 |     1 |       |       |       ||     3
       Confused          |       |       |       |     1 |     2 |       |       |       ||     3
       Petrified         |       |       |       |     1 |       |       |       |     1 ||     2
       Invisible         |       |       |       |       |       |       |     2 |       ||     2
  Eat: Chunk             |     3 |     5 |    15 |    61 |    73 |    33 |    41 |    22 ||   253
       Fruit             |       |       |     1 |     1 |     6 |     2 |     2 |       ||    12
       Meat ration       |       |       |     2 |     2 |       |     6 |     3 |     4 ||    17
       Beef jerky        |       |       |     1 |     4 |     2 |     2 |     3 |     5 ||    17
       Pizza             |       |       |       |     3 |       |     3 |     3 |     1 ||    10
       Bread ration      |       |       |       |     2 |     9 |     4 |     3 |       ||    18
       Royal jelly       |       |       |       |     1 |     2 |     1 |       |       ||     4
